 Dungeon Crawl Stone Soup version 0.28.0-43-g3370ac3207 (webtiles) character file.

Game seed: 8543579701853781547

41 styxcanada the Sneak (level 3, 0/18 HPs)
             Began as a Spriggan Brigand on Mar 11, 2022.
             Succumbed to an adder's poison
             ... on level 2 of the Dungeon.
             The game lasted 00:05:46 (1257 turns).

styxcanada the Sneak (Spriggan Brigand)             Turns: 1257, Time: 00:05:46

Health: 0/18       AC:  3    Str:  7    XL:     3   Next: 32%
Magic:  4/4        EV: 16    Int: 12    God:
Gold:   74         SH:  0    Dex: 18    Spells: 2/2 levels left

rFire   . . .      SeeInvis +   a - +2 dagger
rCold   . . .      Faith    .   (no shield)
rNeg    . . .      Spirit   .   b - +0 robe
rPois   .          Reflect  .   (helmet restricted)
rElec   .          Harm     .   c - +0 cloak
rCorr   .          Rampage  .   (gloves unavailable)
Will    .....                   (boots unavailable)
Stlth   ++++......              (no amulet)
HPRegen 0.06/turn               i - ring of flight
MPRegen 0.09/turn               (no ring)

@: lethally poisoned (0 -> -2), flying, very quick
A: very small, no large weapons, unfitting armour, see invisible, speed 3
a: no special abilities


You were on level 2 of the Dungeon.
You visited 1 branch of the dungeon, and saw 2 of its levels.

You collected 74 gold pieces.

Inventory:

Hand Weapons
 a - a +2 dagger (weapon)
Missiles
 d - 5 poisoned darts (quivered)
 e - 2 curare-tipped darts
 f - 37 stones
Armour
 b - a +0 robe (worn)
 c - a +0 cloak (worn)
Jewellery
 i - a ring of flight (left hand)
Scrolls
 h - a scroll of enchant weapon {unknown}
 j - a scroll of fog {unknown}
 k - a scroll of magic mapping {unknown}


   Skills:
 * Level 1.9 Fighting
 + Level 2.2 Short Blades
 + Level 2.0 Throwing
 * Level 1.5 Dodging
 * Level 7.4 Stealth


You had 2 spell levels left.
You didn't know any spells.
Your spell library contained the following spells:

 Spells                   Type           Power      Damage    Failure   Level
 Malign Gateway           Summ/Tloc      0%         N/A       100%        7
 Summon Horrible Things   Summ           0%         N/A       100%        8


Dungeon Overview and Level Annotations

Branches:
Dungeon (2/15)

Altars:

Shops:
D:1 *=


Innate Abilities, Weirdness & Mutations

You are very small and have problems with some larger weapons.
You are too small for most types of armour.
You have supernaturally acute eyesight. (SInv)
You cover ground extremely quickly. (Speed+++)


Message History

The endoplasm freezes you.
You are frozen.
You hit the endoplasm but do no damage.
The endoplasm is moderately wounded.
You hit the endoplasm.
The endoplasm is almost dead.
The endoplasm freezes you.
You are frozen.
You hit the endoplasm.
You kill the endoplasm!
The adder bites you but does no damage.
Throw: 7 darts (poison)
Press: ? - help, Q - select action, (/) - cycle Shift-Dir - straight line, f - adder
Aim: an adder (44% to hit)
You throw a poisoned dart.
The poisoned dart barely misses the adder.
The poisoned dart closely misses the frilled lizard.
Throw: 6 darts (poison)
Press: ? - help, Q - select action, (/) - cycle Shift-Dir - straight line, f/p - adder
Aim: an adder (44% to hit)
You throw a poisoned dart. The poisoned dart hits the adder.
The adder bites you.
You are lethally poisoned!
The adder poisons you!
* * * LOW HITPOINT WARNING * * *
You feel sick.
* * * LOW HITPOINT WARNING * * *
You feel sick.
* * * LOW HITPOINT WARNING * * *
You feel sick.
You aren't carrying any potions.
Unknown command.
As you read the scroll labelled WINAGE RIEMM, it crumbles to dust.
Wisps of shadow whirl around you...
It was a scroll of summoning.
* * * LOW HITPOINT WARNING * * *
You feel sick. The adder misses you.
* * * LOW HITPOINT WARNING * * *
You feel sick.
You swap places.
You die...

##.####.#####...........#
..............######....#
#.#####.####### ##.....##
###.#####.##########.......#
.......†...........#.......###
#..#####.####................
.#.........b..............###.
............S#######.....>#
...#####..##.SJ@..........##
#. ##..(##########........#
#.. #..#.####### #......#..
#.....#.l.......###.....#....
#.....#...................###
.....#.#..........##.....###
...###...(.......##..##### .#.
#..............## #
..<............########


You could see an adder (ally target), a friendly endoplasm (summoned) and a
friendly ball python (summoned).

Vanquished Creatures
  2 dart slugs (D:1)
  2 ball pythons (D:1)
  7 endoplasms
  4 giant cockroaches (D:1)
  4 goblins (D:1)
  A hobgoblin (D:1)
  3 quokkas (D:1)
  4 bats
  2 kobolds (D:1)
  3 rats
32 creatures vanquished.

Vanquished Creatures (others)
  A plant (D:1)
1 creature vanquished.

Grand Total: 33 creatures vanquished

Notes
Turn   | Place    | Note
-------+----------+-------------------------------------------
     0 | D:1      | styxcanada the Spriggan Brigand began the quest for the
                  | Orb.
     0 | D:1      | Reached XP level 1. HP: 10/10 MP: 2/2
    23 | D:1      | Reached skill level 6 in Stealth
   168 | D:1      | Found Tytenuc's One-of-a-Kind Rings.
   215 | D:1      | Found Miffilas's Assorted Antiques.
   234 | D:1      | Reached XP level 2. HP: 15/15 MP: 3/3
   303 | D:1      | Reached skill level 7 in Stealth
   521 | D:1      | Found a faded altar of an unknown god.
   651 | D:1      | Reached XP level 3. HP: 18/18 MP: 4/4
  1257 | D:2      | Succumbed to an adder's poison

Illustrated notes

Levels and vault maps discovered:
D:1:      wander_arrival_estate, layout_rooms, shapermc_ecumenical_altar_petra,
          serial_shops, shop, nicolae_shop_unique_rings
D:2:      layout_rooms

Skill      XL: |  1  2 |
---------------+-------+-----
Stealth        | 6 7 |  7.4
Fighting       | |  1.9
Short Blades   | |  2.2
Throwing       | |  2.0
Dodging        | |  1.5

Action                   || total
-------------------------++-------
Melee: Dagger            ||    88
       Punch             ||     3
Throw: Dart              ||    15
  Use: Scroll            ||     1
 Stab: Sleeping          ||     8
Armor: Robe              ||     8
Dodge: Dodged            ||    58
